 Dungeon Crawl Stone Soup version 0.30.0-5-g1a98f26d00 (webtiles) character file.

Game seed: 11315891525860330940

151 monsoonserge the Cudgeller (level 5, -1/47 HPs)
             Began as a Meteoran Monk on May 12, 2023.
             Was a Priest of Lugonu.
             Slain by an ogre
             ... wielding a +0 giant spiked club
              (8 damage)
             ... on level 4 of the Dungeon.
             The game lasted 00:12:02 (1284 turns).

monsoonserge the Cudgeller (Meteoran Monk)          Turns: 1284, Time: 00:12:03

Health: -1/47      AC: 10    Str: 13    XL:     5   Next: 90%
Magic:  7/7        EV:  4    Int: 11    God:    Lugonu [***...]
Gold:   191        SH:  0    Dex: 18    Spells: 4/4 levels left

rFire   + . .        C - +2 dagger (venom)
rCold   . . .        d - orb {light}
rNeg    . . .        m - +0 plate armour
rPois   .            (no helmet)
rElec   .            (no cloak)
rCorr   .            (no gloves)
SInv    .            (no boots)
Will    .....        (no amulet)
Stlth   x              - ring of protection from fire
HPRegen 0.27/turn    (no ring)
MPRegen 0.10/turn

%: no passive effects
@: glowing
A: sense surroundings 1, otherworldly, glowing, explore regen
a: Renounce Religion, Depart the Abyss, Banish


You were on level 4 of the Dungeon.
You worshipped Lugonu.
Lugonu was most pleased with you.
You visited 1 branch of the dungeon, and saw 4 of its levels.

You collected 191 gold pieces.

Inventory:

Hand Weapons
 a - a +0 mace
 k - a +0 dagger
 s - a +0 flail
 C - a +2 dagger of venom (weapon)
Missiles
 n - 4 poisoned darts (quivered)
Armour
 b - a +0 robe
 d - an orb of light (worn)
 g - a +0 leather armour
 l - a +0 chain mail
 m - a +0 plate armour (worn)
 u - a +0 leather armour
Jewellery
 p - a ring of wizardry
 x - a ring of protection from fire (left hand)
 B - a ring of ice
Scrolls
 h - a scroll of enchant armour {unknown}
 i - 4 scrolls of fear {unknown}
 j - a scroll of blinking {unknown}
 o - 3 scrolls of vulnerability {unknown}
 r - a scroll of magic mapping {unknown}
 t - a scroll of identify {unknown}
 v - a scroll of enchant weapon {unknown}
 y - a scroll of fog {unknown}
 z - a scroll of teleportation {unknown}
Potions
 c - a potion of ambrosia
 e - 3 potions of curing
 f - a potion of heal wounds {unknown}
 q - a potion of might {unknown}
 w - a potion of mutation {unknown}
 A - a potion of lignification {unknown}


   Skills:
 + Level 4.4 Fighting
 + Level 0.2 Short Blades
 - Level 5.0 Maces & Flails
 + Level 1.9 Armour
 + Level 4.2 Dodging
 * Level 2.6 Invocations


You had 4 spell levels left.
You didn't know any spells.
Your spell library contained the following spells:

 Spells                   Type           Power      Damage    Failure   Level
 Sandblast                Erth           0%         2d4       100%        1
 Passwall                 Tmut/Erth      0%         N/A       100%        2
 Stone Arrow              Conj/Erth      0%         3d7       100%        3


Dungeon Overview and Level Annotations

Branches:
Dungeon (4/15) Zot: 1098
 Temple: D:4-7

Altars:
Gozag
Ru
The Shining One
Lugonu


Innate Abilities, Weirdness & Mutations

You passively map a small area around you.
You are easily found by Zot.
You glow in the dark.
You regain HP and MP as you explore.


Message History

Throw: 7 darts (poison)
Press: ? - help, Q - select action, (/) - cycle Shift-Dir - straight line, f - ogre
Aim: an ogre, wielding a +0 giant spiked club (77% to hit)
You throw a poisoned dart. The poisoned dart hits the ogre.
The ogre is poisoned.
Throw: 6 darts (poison)
Press: ? - help, Q - select action, (/) - cycle Shift-Dir - straight line, f/p - ogre
Aim: an ogre, wielding a +0 giant spiked club (lightly wounded, poisoned, haloed, 94% to hit)
You throw a poisoned dart. The poisoned dart hits the ogre.
The ogre looks even sicker.
The ogre is lightly wounded.
A hobgoblin comes into view.
Throw: 5 darts (poison)
Press: ? - help, Q - select action, (/) - cycle Shift-Dir - straight line, f/p - ogre
Aim: an ogre, wielding a +0 giant spiked club (lightly wounded, very poisoned, haloed, 94% to hit)
You throw a poisoned dart.
The poisoned dart completely misses the ogre.
The hobgoblin shouts!
You hit the ogre but do no damage.
The ogre looks as sick as possible!
The ogre is lightly wounded.
The ogre hits you with a +0 giant spiked club!
You hit the ogre.
The ogre is heavily wounded.
You hit the ogre.
The ogre looks as sick as possible!
The ogre is severely wounded.
The ogre hits you with a +0 giant spiked club!!
You barely miss the ogre.
The ogre is severely wounded.
The ogre hits you with a +0 giant spiked club!
* * * LOW HITPOINT WARNING * * *
Press: ? - help, v - describe, . - travel
Here: an ogre, wielding a +0 giant spiked club (severely wounded, extremely poisoned, haloed)
The floor.
You hit the ogre.
The ogre looks as sick as possible!
The ogre is almost dead.
The hobgoblin barely misses you.
You hit the hobgoblin.
The hobgoblin is poisoned.
The hobgoblin is moderately wounded.
The ogre hits you with a +0 giant spiked club!
You die...

* , , ,.. * , .##### *
##.# , ..#(. , , ...#
* , ##.#.#* #..# , ,
..(.# #..# *, , #.(?#
#..# * * #...#
####<.####. * ,*#.gO#
#..........# , #..@#
#.##..###### #
#...####.##..##
#.##.##...............
.........##.##.#####.#
.##...<.......# .#
#.....##.##.#### # *
#####. #....# , #
###### , * ** *


You could see an ogre (extremely poisoned) and a hobgoblin (very poisoned).

Vanquished Creatures
  A gnoll bouda (D:3)
  5 gnolls
  2 adders
  3 dart slugs
  8 bats
  4 endoplasms
  A giant cockroach (D:1)
  9 goblins
  4 hobgoblins
  2 jackals
  2 quokkas
  2 ball pythons
  2 frilled lizards
  A kobold (D:2)
  4 rats
50 creatures vanquished.

Notes
Turn   | Place    | Note
-------+----------+-------------------------------------------
     0 | D:1      | monsoonserge the Meteoran Monk began the quest for the Orb.
     0 | D:1      | Reached XP level 1. HP: 19/19 MP: 2/2
    71 | D:1      | Reached XP level 2. HP: 12/26 MP: 3/3
   238 | D:1      | Found a faded altar of an unknown god.
   246 | D:1      | Prayed at the altar of an unknown god.
   246 | D:1      | Became a worshipper of Lugonu the Unformed
   246 | D:1      | Reached * piety under Lugonu
   246 | D:1      | Reached ** piety under Lugonu
   337 | D:2      | Reached XP level 3. HP: 18/31 MP: 4/4
   482 | D:2      | Reached skill level 1 in Invocations
   482 | D:2      | Reached *** piety under Lugonu
   670 | D:1      | Reached XP level 4. HP: 40/40 MP: 5/5
   771 | D:1      | Reached skill level 5 in Maces & Flails
  1020 | D:3      | Found a glowing golden altar of the Shining One.
  1128 | D:3      | Reached skill level 1 in Armour
  1132 | D:3      | Reached XP level 5. HP: 35/46 MP: 7/7
  1248 | D:3      | Found a sacrificial altar of Ru.
  1248 | D:3      | Found an opulent altar of Gozag.
  1274 | D:4      | Noticed an ogre
  1284 | D:4      | Slain by an ogre

Illustrated notes

Levels and vault maps discovered:
D:1:      denvon_arrival_planthouse, layout_basic,
          shapermc_ecumenical_altar_pompeii, minmay_quantized
D:2:      minmay_spotlight, layout_rooms, nrook_mini_vaults
D:3:      layout_rooms, mainiacjoe_overflow_alcove_4,
          gammafunk_temple_overflow_wave
D:4:      layout_loops_ring, makhleb_altar_promises_db, lemuel_round_altar,
          gup_sewer_entry_pipe, nzn_random_ring

Skill      XL: |  1  2  3  4 |
---------------+-------------+-----
Dodging        | 4 |  4.2
Invocations    | 1 2 |  2.6
Maces & Flails | 5 |  5.0
Armour         | 1 |  1.9
Fighting       | 4 |  4.4
Short Blades   | |  0.2

Action                     |  1- 3 |  4- 6 || total
---------------------------+-------+-------++-------
  Melee: Mace              |    74 |       ||    74
         Flail             |     4 |    24 ||    28
         Dagger            |       |    39 ||    39
  Throw: Dart              |       |     5 ||     5
    Use: Potion            |       |     1 ||     1
 Armour: Robe              |     3 |       ||     3
         Leather armour    |    17 |       ||    17
         Plate armour      |    60 |    40 ||   100
  Dodge: Dodged            |    34 |    11 ||    45
